 Dungeon Crawl Stone Soup version 0.28.0 (webtiles) character file.

Game seed: 10828145628007089854

81 Sanktem7 the Covered (level 4, -3/41 HPs)
             Began as a Minotaur Fighter on Feb 11, 2022.
             Slain by a gnoll (8 damage)
             ... on level 2 of the Dungeon.
             The game lasted 00:03:07 (1278 turns).

Sanktem7 the Covered (Minotaur Fighter)             Turns: 1278, Time: 00:03:08

Health: -3/41      AC:  7    Str: 22    XL:     4   Next: 20%
Magic:  3/3        EV:  9    Int:  5    God:
Gold:   0          SH:  4    Dex: 10    Spells: 3/3 levels left

rFire   . . .      SeeInvis .   a - +0 long sword
rCold   . . .      Faith    .   c - +0 buckler
rNeg    . . .      Spirit   .   b - +0 scale mail
rPois   .          Reflect  .   (helmet restricted)
rElec   .          Harm     .   (no cloak)
rCorr   .          Rampage  .   (no gloves)
Will    .....                   (no boots)
Stlth   ..........              (no amulet)
HPRegen 0.13/turn               (no ring)
MPRegen 0.08/turn               (no ring)

@: slowed, very slow
A: horns 2, retaliatory headbutt
a: no special abilities


You were on level 2 of the Dungeon.
You visited 1 branch of the dungeon, and saw 2 of its levels.

Inventory:

Hand Weapons
 a - a +0 long sword (weapon)
Missiles
 k - 4 javelins (quivered)
Armour
 b - a +0 scale mail (worn)
 c - a +0 buckler (worn)
Scrolls
 e - a scroll of vulnerability {unknown}
 f - a scroll of torment {unknown}
 g - a scroll of teleportation {unknown}
 h - a scroll of fog {unknown}
 j - a scroll of immolation {unknown}
Potions
 d - 2 potions of might
 i - 2 potions of berserk rage {unknown}


   Skills:
 * Level 4.5 Fighting
 * Level 3.7 Long Blades
 * Level 4.6 Armour
 + Level 0.2 Dodging
 - Level 3.6 Shields


You had 3 spell levels left.
You didn't know any spells.
Your spell library was empty.

Dungeon Overview and Level Annotations

Branches:
Dungeon (2/15)

Altars:


Innate Abilities, Weirdness & Mutations

You have a pair of horns on your head.
You reflexively headbutt those who attack you in melee.


Message History

You hit the hobgoblin.
The hobgoblin is moderately wounded.
The hobgoblin hits you but does no damage.
Natasha claws you. The hobgoblin closely misses you. You furiously retaliate!
You headbutt the hobgoblin.
You kill the hobgoblin!
Natasha claws you.
Things that are here:
a +0 club; a hobgoblin corpse; a kobold corpse You closely miss Natasha.
You headbutt Natasha!
Natasha is almost dead.
Natasha casts a spell at you.
You feel yourself slow down.
You barely miss Natasha. You headbutt Natasha.
You kill Natasha!
Natasha growls in agony!
A gnoll comes into view. It is wielding a +0 halberd.
You have reached level 4!
You feel agile.
The gnoll shouts!
You hear a shout! x2
A gnoll comes into view. It is wielding a +0 halberd.
Things that are here:
a +0 club; a hobgoblin corpse; a kobold corpse The gnoll hits you but does no damage.
The gnoll hits you from afar with a +0 halberd!
The gnoll hits you from afar with a +0 halberd.
The gnoll hits you with a +0 halberd. The gnoll barely misses you.
The gnoll closely misses you.
A gnoll comes into view. It is wielding a +0 flail.
The gnoll barely misses you. The gnoll closely misses you.
You furiously retaliate!
You headbutt the gnoll!
You kill the gnoll!
The gnoll shouts!
You block the gnoll's attack. The gnoll hits you with a +0 halberd!
* * * LOW HITPOINT WARNING * * *
You see here a +0 halberd.
You hit the gnoll.
The gnoll is moderately wounded.
You block the gnoll's attack. The gnoll hits you with a +0 halberd!
You die...

....... ..... #...
###.####. #
#.###†?...##. .#
#...)....##.## #.#
#.###.#...# #.###.#
#.##.## #...... #.
#@##.####...###...
.###g##.##.....†....#
....g.........†)#####
........###.....#
.###.#### ##...## #.#
#..## #.# #..# #.#
...# ..#..


You could see 2 gnolls.

Vanquished Creatures
  Natasha (D:2)
  A gnoll (D:2)
  A dart slug (D:2)
  A bat (D:1)
  4 endoplasms (D:1)
  3 giant cockroaches
  4 goblins
  4 hobgoblins
  5 quokkas (D:1)
  2 ball pythons
  5 frilled lizards
  9 kobolds
  3 rats
43 creatures vanquished.

Notes
Turn   | Place    | Note
-------+----------+-------------------------------------------
     0 | D:1      | Sanktem7 the Minotaur Fighter began the quest for the Orb.
     0 | D:1      | Reached XP level 1. HP: 19/19 MP: 0/0
   347 | D:1      | Found a faded altar of an unknown god.
   353 | D:1      | Reached XP level 2. HP: 27/27 MP: 1/1
   760 | D:1      | Reached XP level 3. HP: 33/33 MP: 2/2
  1264 | D:2      | Noticed Natasha
  1270 | D:2      | Killed Natasha
  1271 | D:2      | Reached XP level 4. HP: 31/41 MP: 3/3
  1278 | D:2      | Slain by a gnoll

Illustrated notes

Levels and vault maps discovered:
D:1:      lightli_arrival_farm, layout_loops_corners, basic_ecumenical_altar,
          serial_bayou_pond_e, chequers_serial_rivers_micro_a
D:2:      layout_loops_ring, chequers_garden, uniq_sigmund, uniq_natasha

Skill      XL: |  1  2  3 |
---------------+----------+-----
Fighting       | 4 |  4.5
Armour         | 4 |  4.6
Long Blades    | 3 |  3.7
Dodging        | |  0.2
Shields        | |  3.6

Action                   |  1- 3 |  4- 6 || total
-------------------------+-------+-------++-------
Melee: Long sword        |    84 |     1 ||    85
       Headbutt          |    10 |       ||    10
Armor: Scale mail        |    50 |     1 ||    51
Dodge: Dodged            |    39 |     4 ||    43
Block: Buckler           |    22 |     2 ||    24
